Map: Dusty Gorge

Players

Diamefbaal - Winner!

  • Race: Terran Terran
  • League: Gold
  • Spawn Location: 3:00

DiverThicc - Winner!

  • Race: Protoss Protoss
  • Spawn Location: 5:00

OpuS

  • Race: Protoss Protoss
  • League: Platinum
  • Spawn Location: 9:00

Sketchaphone

  • Race: Zerg Zerg
  • League: Platinum
  • Spawn Location: 11:00

VOD

Have the link to the VOD?

Description

Time

  • Played on: Feb. 19, 2019, 7:46 p.m.
  • Length: 9:38
Show
View Real Time Build Order
Export as new Build Order

Diamefbaal Terran - Winner!

Build Orders: Reaper Expand 

Get SALT Encoding   

  12  0:01  SCV  
  13  0:13  SCV  
  14  0:19  Supply Depot  
  14  0:25  SCV  
  15  0:40  SCV  
  16  0:43  Barracks  
  16  0:50  Refinery  
  16  0:53  SCV  
  17  1:05  SCV  
  18  1:17  SCV  
  19  1:31  Orbital Command  
  19  1:36  Reaper  
  20  1:47  Command Center  
  20  2:08  Reaper  
  21  2:18  Refinery  
  21  2:19  Supply Depot  
  21  2:23  Barracks  
  21  2:26  Engineering Bay  
  21  2:40  SCV  
  22  2:52  SCV  
  22  2:53  Barracks Reactor  
  23  3:12  Barracks Tech Lab  
  22  3:18  SCV  
  23  3:27  Orbital Command  
  23  3:29  Marine x2, Factory, Supply Depot x2  
  23  3:33  Stimpack, Marine  
  26  3:49  Marine  
  26  3:50  Marine  
  26  3:51  Marauder  
  26  3:54  SCV  
  31  3:58  Terran Infantry Weapons Level 1  
  31  4:00  SCV  
  32  4:06  SCV  
  32  4:08  Marine x2  
  35  4:14  Starport  
  35  4:15  Widow Mine  
  37  4:18  SCV x2  
  37  4:23  Refinery  
  39  4:25  Marauder  
  39  4:29  Marine x2  
  39  4:30  SCV  
  44  4:39  Factory Tech Lab  
  44  4:46  Marauder  
  44  4:47  Marine x2  
  44  4:48  SCV  
  44  4:49  SCV  
  50  4:59  Siege Tank  
  53  5:08  Marauder  
  50  5:26  Marine x2  
  49  5:29  Marauder  
  49  5:30  Medivac  
  49  6:00  Marine  
  49  6:01  Marine  
  49  6:02  Marauder  
  49  6:04  Siege Tank  
  56  6:06  Starport Reactor  
  56  6:12  Terran Infantry Armor Level 1  
  56  6:17  Supply Depot  
  56  6:18  Marine x2, SCV x2, Supply Depot  
  57  6:19  Engineering Bay  
  57  6:22  Armory  
  57  6:23  Marauder  
  62  6:27  Concussive Shells  
  62  6:38  Marine  
  62  6:39  SCV  
  63  6:46  Medivac  
  65  6:47  Medivac  
  65  6:48  Marine  
  65  6:49  Marauder  
  70  6:55  SCV x2  
  70  6:56  Marine  
  70  6:58  Command Center  
  70  6:59  Refinery  
  73  7:04  Siege Tank  
  73  7:06  Marine  
  73  7:07  SCV  
  78  7:13  Supply Depot  
  78  7:15  Barracks, Supply Depot  
  78  7:19  Barracks  
  78  7:21  Supply Depot  
  78  7:22  Marine  
  77  7:25  Supply Depot  
  78  7:34  Marine x2  
  80  7:51  Marine  
  80  7:52  Marine x2  
  83  8:04  Barracks Reactor  
  83  8:06  Barracks Tech Lab  
  83  8:07  Combat Shield  
  83  8:09  Marine  
  83  8:10  Marine x2  
  73  8:27  Marine  
  73  8:28  Marauder, Marine  
  73  8:32  Marine  
  78  8:45  Marine x2  
  80  8:50  Marauder, Marine  
  83  8:55  Marine x2  
  83  8:58  Siege Tank  
  88  9:03  Marine x2  
  88  9:08  Marine  
  91  9:10  Marine  
  91  9:13  Marine x2  
Show
View Real Time Build Order
Export as new Build Order

DiverThicc Protoss - Winner!

Build Orders: Oracle Opening 

Get SALT Encoding   

  12  0:01  Probe  
  13  0:15  Probe  
  13  0:17  Pylon  
  14  0:23  Probe  
  15  0:34  Probe  
  16  0:43  Gateway  
  16  0:49  Probe  
  17  0:53  Assimilator  
  17  0:55  Assimilator  
  17  1:00  Probe  
  18  1:08  Probe  
  18  1:16  Probe  
  20  1:39  Probe  
  21  1:42  Cybernetics Core  
  21  1:57  Assimilator  
  21  2:03  Nexus  
  21  2:05  Probe  
  21  2:13  Probe  
  23  2:23  Stargate  
  23  2:58  Assimilator  
  23  3:01  Pylon  
  23  3:11  Stargate  
  23  3:14  Pylon  
  23  3:15  Probe, Oracle  
  27  3:24  Probe  
  27  3:32  Probe  
  28  3:35  Probe  
  30  3:42  Probe  
  30  3:44  Zealot  
  30  3:47  Probe  
  34  3:54  Probe  
  34  3:55  Shield Battery  
  35  4:02  Assimilator  
  35  4:03  Oracle  
  35  4:06  Probe, Oracle  
  42  4:18  Probe  
  43  4:30  Probe  
  46  5:00  Probe  
  45  5:12  Probe  
  42  6:19  Pylon  
  42  6:21  Shield Battery  
  42  6:22  Pylon  
  42  6:23  Forge  
  42  6:34  Probe  
  42  6:37  Probe  
  42  6:38  Pylon  
  44  6:46  Probe, Gateway, Phoenix x2  
  41  6:49  Probe  
  42  6:58  Probe  
  42  6:59  Nexus, Probe  
  42  7:00  Twilight Council  
  43  7:07  Probe  
  44  7:10  Probe  
  44  7:14  Fleet Beacon  
  44  7:15  Phoenix  
  48  7:16  Probe, Phoenix  
  51  7:23  Probe  
  51  7:28  Probe  
  53  7:35  Probe  
  54  7:47  Probe  
  55  7:58  Phoenix  
  55  7:59  Phoenix  
  55  8:00  Anion Pulse-Crystals  
  55  8:03  Assimilator  
  59  8:10  Pylon  
  59  8:11  Probe x2  
  60  8:19  Probe  
  61  8:20  Probe  
  61  8:25  Assimilator  
  61  8:26  Probe  
  64  8:28  Probe  
  64  8:29  Probe  
  66  8:38  Probe x2  
  68  8:42  Phoenix x2  
  72  8:50  Probe x2  
  74  9:02  Gateway  
Show
View Real Time Build Order
Export as new Build Order

OpuS Protoss 

Build Orders:  

Get SALT Encoding   

  12  0:01  Probe  
  13  0:13  Probe  
  14  0:27  Pylon  
  14  0:28  Probe  
  15  0:41  Probe  
  15  0:48  Gateway  
  15  0:49  Probe  
  17  0:57  Probe  
  17  1:00  Assimilator  
  17  1:03  Assimilator  
  18  1:05  Probe  
  19  1:13  Gateway  
  19  1:14  Probe  
  20  1:25  Probe  
  21  1:37  Cybernetics Core  
  21  1:38  Probe  
  22  1:46  Pylon  
  22  1:50  Probe  
  23  2:04  Probe  
  23  2:07  Pylon  
  24  2:10  Warp Gate  
  24  2:14  Stalker  
  25  2:16  Probe  
  25  2:17  Stalker  
  28  2:28  Probe  
  28  2:40  Probe  
  27  2:52  Probe  
  27  2:56  Stalker  
  27  2:58  Stalker  
  32  3:03  Robotics Facility  
  32  3:13  Pylon  
  32  3:28  Nexus  
  32  3:39  Probe  
  33  3:57  Immortal  
  33  4:01  Pylon  
  37  4:06  Twilight Council  
  37  4:09  Sentry  
  39  4:10  Sentry  
  39  4:15  Probe  
  36  4:36  Stalker  
  30  4:51  Probe  
  31  5:01  Probe  
  28  5:28  Probe  
  28  5:29  Probe  
  28  5:30  Stalker  
  32  5:44  Probe x2  
  28  5:59  Probe x2  
  24  6:08  Zealot x2  
  28  6:11  Probe  
  28  6:12  Probe  
  28  6:15  Gateway  
  28  6:17  Gateway  
  31  6:25  Probe  
  31  6:26  Probe  
  32  6:35  Stalker  
  32  6:46  Shield Battery  
  28  6:48  Probe x2  
  28  6:53  Stalker  
  32  6:57  Observer  
  33  7:02  Probe  
  33  7:03  Probe  
  33  7:07  Pylon  
  35  7:19  Probe x2  
  37  7:22  Stalker  
  37  7:25  Stalker  
Show
View Real Time Build Order
Export as new Build Order

Sketchaphone Zerg 

Build Orders: Hatch First 

Get SALT Encoding   

  12  0:01  Drone  
  13  0:12  Overlord  
  13  0:18  Drone  
  14  0:22  Extractor  
  14  0:27  Drone  
  15  0:31  Drone  
  16  0:40  Drone  
  17  0:56  Hatchery  
  16  1:02  Drone  
  16  1:03  Drone  
  18  1:05  Extractor  
  17  1:22  Spawning Pool  
  17  1:23  Drone  
  17  1:26  Drone  
  18  1:34  Drone  
  18  1:38  Overlord  
  19  1:53  Drone  
  20  2:05  Drone  
  21  2:08  Metabolic Boost  
  21  2:09  Queen  
  21  2:10  Zergling x2  
  21  2:13  Drone  
  25  2:18  Queen  
  27  2:26  Drone x2  
  29  2:33  Overlord, Drone  
  30  2:44  Spine Crawler  
  29  2:47  Roach Warren  
  28  3:09  Drone  
  29  3:16  Pneumatized Carapace  
  29  3:17  Queen  
  29  3:18  Overlord  
  31  3:24  Overlord, Zergling x2  
  32  3:28  Roach x3  
  32  3:31  Roach  
  40  3:40  Zergling x6  
  43  3:47  Roach  
  45  3:48  Roach  
  47  4:05  Drone  
  47  4:06  Drone x4  
  52  4:12  Overlord  
  52  4:33  Zergling x10  
  52  4:38  Hatchery  
  56  4:42  Drone  
  56  4:43  Lair  
  51  5:22  Drone x2  
  53  5:31  Evolution Chamber, Extractor  
  49  5:42  Drone  
  49  5:43  Drone x3  
  49  5:45  Evolution Chamber, Drone x2  
  41  5:59  Queen  
  41  6:01  Overlord  
  43  6:05  Drone x8  
  43  6:10  Zerg Melee Weapons Level 1  
  51  6:11  Zerg Ground Armor Level 1  
  51  6:12  Roach  
  51  6:16  Overlord  
  51  6:17  Overlord  
  53  6:29  Zergling x6  
  56  6:33  Glial Reconstitution  
  56  6:38  Spore Crawler  
  56  6:39  Spore Crawler  
  53  6:42  Spore Crawler  
  53  6:43  Spore Crawler  
  51  6:58  Infestation Pit  
  50  7:04  Nydus Network  
  50  7:05  Extractor  
  50  7:07  Drone x3, Extractor  
  50  7:10  Drone x2  
  50  7:11  Drone  
  50  7:15  Drone  
  54  7:19  Drone x5  
  56  7:23  Roach x2  
  60  7:31  Roach  
  60  7:35  Roach  
  60  7:36  Roach x2  
  68  7:39  Roach x3  
  68  7:43  Roach x3  
  80  7:51  Roach x3  
  84  7:52  Roach  
  88  7:58  Roach  
  88  8:02  Roach  
  88  8:03  Zergling x4  
  88  8:04  Zergling x2  
  95  8:14  Nydus Canal  
  95  8:16  Roach  
  87  8:25  Zergling x14  
  78  8:29  Nydus Canal  
  78  8:36  Roach  
  78  8:40  Roach  
  82  8:46  Nydus Canal  
  82  8:50  Roach x3  
  88  8:58  Roach  
  88  8:59  Roach x2  
  88  9:02  Roach  
  96  9:11  Roach  
  96  9:12  Roach  
Tags
 
Add a new tag
Caveats
  • Supply blocks, unpowered buildings, or Contaminate may cause inaccurate times.
  • Supply counts are checked every 10 seconds.